 Dungeon Crawl Stone Soup version 0.21.1-1-g345015f (webtiles) character file.

371 crasatator the Chucker (level 6, -5/57 HPs)
             Began as a Troll Hunter on May 5, 2018.
             Slain by an ogre
             ... wielding a +0 giant spiked club
              (19 damage)
             ... on level 4 of the Dungeon.
             The game lasted 00:07:39 (2493 turns).

crasatator the Chucker (Troll Hunter)               Turns: 2493, Time: 00:07:40

Health: -5/57      AC:  8    Str: 23    XL:     6   Next: 42%
Magic:  5/5        EV: 10    Int:  7    God:
Gold:   226        SH:  0    Dex: 10    Spells: 5/5 levels left

rFire    . . .     SeeInvis .     - Unarmed
rCold    . . .     Gourm    +   (no shield)
rNeg     . . .     Faith    .   b - +0 robe
rPois    .         Spirit   .   (helmet restricted)
rElec    .         Reflect  .   l - +2 cloak
rCorr    .         Harm     .   (gloves unavailable)
MR       .....                  (boots unavailable)
Stlth    +.........             (no amulet)
HPRegen  0.59/turn              (no ring)
MPRegen  0.09/turn              (no ring)

@: no status effects
A: large, unfitting armour, claws 3, fast metabolism 3, gourmand, regeneration
1, shaggy fur 1, tough skin 2
a: no special abilities


You were on level 4 of the Dungeon.
You were completely stuffed.

You visited 1 branch of the dungeon, and saw 4 of its levels.

You collected 226 gold pieces.

Inventory:

Missiles
 c - 4 large rocks (quivered)
 d - 2 throwing nets
Armour
 b - a +0 robe (worn)
 l - a +2 cloak (worn)
Wands
 w - a wand of iceblast (7)
Scrolls
 e - a scroll of fear
 h - a scroll of remove curse
 i - a scroll of enchant armour {unknown}
 k - a scroll of amnesia
 m - a scroll of blinking
 n - a scroll of enchant weapon
 t - a scroll of random uselessness {unknown}
Potions
 a - 2 potions of heal wounds {unknown}
 g - 2 potions of resistance
 j - 4 potions of curing
 o - 2 potions of might
 p - 2 potions of lignification
 r - a potion of degeneration {unknown}
 s - a potion of mutation {unknown}
 v - 2 potions of cancellation {unknown}
Books
 u - a book of Minor Magic

   Spells                             Type                      Level
   a - Magic Dart                     Conjuration                  1
   b - Blink                          Translocation                2
   c - Call Imp                       Summoning                    2
   d - Slow                           Hexes                        2
   e - Conjure Flame                  Conjuration/Fire             3
   f - Mephitic Cloud                 Conjuration/Poison/Air       3
Comestibles
 f - 8 rations
 q - 2 chunks of flesh


   Skills:
 + Level 2.2 Fighting
 + Level 4.5 Throwing
 + Level 2.8 Dodging
 - Level 0.3 Stealth
 + Level 4.5 Unarmed Combat


You had 5 spell levels left.
You didn't know any spells.

Dungeon Overview and Level Annotations

Branches:
Dungeon (4/15)
 Temple: D:4-7

Altars:
Ru

Annotations:
D:4 1 transporter


Innate Abilities, Weirdness & Mutations

You are too large for most types of armour.
You have claws for hands.
Your metabolism is lightning-fast.
You like to eat raw meat.
Your natural rate of healing is unusually fast.
You are covered in fur. (AC +1)
You have very tough skin. (AC +2)


Message History

The leopard gecko closely misses you.
You scratch the ogre but do no damage.
The ogre is moderately wounded.
The leopard gecko barely misses you.
You scratch the ogre.
The ogre is heavily wounded.
The ogre hits you with a giant spiked club!!
* * * LOW HITPOINT WARNING * * *
The leopard gecko bites you but does no damage.
You scratch the ogre.
The ogre is severely wounded.
The leopard gecko closely misses you. The ogre closely misses you.
You scratch the ogre.
The ogre is severely wounded.
The leopard gecko bites you.
* * * LOW HITPOINT WARNING * * *
You barely miss the ogre.
The ogre is severely wounded.
The ogre hits you with a giant spiked club!!
You die...

.# .. .# .# .# .
##### .###... #.#
#...##.......
##.###...)@l.(....
#........##O##....
#..###..## W# .
#..##...###.##
#..##.........
#######..##.#####.##
..................#
###########.#######
#.#


You could see a phantom, an ogre and a leopard gecko.

Vanquished Creatures
  A phantom (D:4)
  2 orc wizards (D:3)
  Jessica (D:2)
  Ijyb (D:3)
  The ghost of Iko the Stinger, a weakling DrVM of Elyvilon (D:3)
  A hound skeleton (D:4)
  Robin (D:4)
  4 adders
  2 oozes (D:2)
  5 worms
  A dart slug (D:3)
  2 leopard geckos (D:3)
  5 orcs (D:3)
  4 giant cockroaches
  11 goblins
  8 hobgoblins
  2 jackals (D:1)
  10 kobolds
  2 quokkas
  3 bats
  6 frilled lizards
  9 rats
82 creatures vanquished.

Notes
Turn   | Place    | Note
-------+----------+-------------------------------------------
     0 | D:1      | crasatator the Troll Hunter began the quest for the Orb.
     0 | D:1      | Reached XP level 1. HP: 19/19 MP: 0/0
   197 | D:1      | Reached XP level 2. HP: 27/28 MP: 1/1
   712 | D:2      | Reached XP level 3. HP: 35/35 MP: 2/2
  1012 | D:2      | Reached skill level 1 in Unarmed Combat
  1192 | D:2      | Noticed Jessica
  1200 | D:2      | Killed Jessica
  1200 | D:2      | Reached XP level 4. HP: 29/42 MP: 3/3
  1537 | D:3      | Found a sacrificial altar of Ru.
  1842 | D:3      | Reached XP level 5. HP: 49/49 MP: 4/4
  1865 | D:3      | Noticed Iko's ghost (weakling DrVM)
  1875 | D:3      | Killed Iko's ghost
  2045 | D:3      | Noticed Ijyb
  2054 | D:3      | Killed Ijyb
  2358 | D:4      | Found a transporter.
  2358 | D:4      | Noticed Robin
  2360 | D:4      | Killed Robin
  2361 | D:4      | Reached XP level 6. HP: 57/57 MP: 5/5
  2493 | D:4      | Slain by an ogre

Skill      XL: |  1  2  3  4  5 |
---------------+----------------+-----
Throwing       | 4 |  4.5
Dodging        | 2 |  2.8
Unarmed Combat | 1 2 4 |  4.5
Fighting       | 2 |  2.2
Stealth        | |  0.3

Action                   |  1- 3 |  4- 6 || total
-------------------------+-------+-------++-------
Melee: Unarmed           |   122 |   147 ||   269
       Short sword       |     1 |       ||     1
       Punch             |       |     1 ||     1
Throw: Large rock        |       |    17 ||    17
  Use: Scroll            |     4 |     6 ||    10
 Stab: Sleeping          |       |     2 ||     2
  Eat: Chunk             |    17 |    12 ||    29
Armor: Robe              |    44 |    52 ||    96
Dodge: Dodged            |    67 |    79 ||   146
